Map: Orbital Shipyard

Players

SticklerMac

  • Race: Zerg Zerg
  • League: Grandmaster

Xerana - Winner!

  • Race: Protoss Protoss
  • League: Grandmaster

VOD

Have the link to the VOD?

Description

Time

  • Played on: June 11, 2015, 10:08 p.m.
  • Length: 15:03
Show
View Real Time Build Order
Export as new Build Order

SticklerMac Zerg 

Build Orders: Pool First, Lurkers 

Get SALT Encoding   

  12  0:01  Drone  
  13  0:09  Drone  
  14  0:17  Overlord  
  14  0:22  Extractor  
  14  0:23  Drone  
  14  0:36  Drone x2  
  16  0:48  Drone  
  17  0:54  Spawning Pool  
  17  0:56  Drone  
  17  1:10  Drone  
  18  1:25  Hatchery  
  17  1:28  Drone  
  18  1:41  Queen  
  18  1:46  Overlord  
  20  1:57  Overlord  
  20  2:00  Drone  
  21  2:03  Drone  
  22  2:16  Drone  
  23  2:25  Drone  
  24  2:30  Baneling Nest  
  24  2:33  Roach Warren  
  24  2:35  Lair  
  23  2:37  Drone  
  23  2:43  Extractor  
  23  2:46  Drone x2  
  25  2:54  Zergling x4  
  25  2:56  Zergling x2  
  25  2:57  Zergling x2  
  29  3:00  Zergling x2  
  29  3:02  Drone  
  31  3:08  Drone x2  
  33  3:19  Drone  
  34  3:20  Drone  
  34  3:24  Queen  
  35  3:40  Metabolic Boost  
  35  3:43  Roach  
  35  3:44  Roach  
  35  3:47  Roach  
  41  3:51  Roach  
  43  4:00  Burrow  
  43  4:17  Infestation Pit  
  42  4:24  Overlord x2  
  42  4:25  Overlord  
  42  4:33  Overlord x2  
  42  4:41  Roach  
  42  4:42  Roach x3  
  42  4:43  Roach  
  51  4:46  Roach  
  44  5:01  Spore Crawler  
  44  5:04  Spore Crawler  
  44  5:06  Roach x2  
  39  5:14  Spore Crawler  
  36  5:22  Drone  
  34  5:29  Drone  
  34  5:32  Drone  
  36  5:49  Drone x2  
  38  5:54  Drone  
  38  5:56  Drone  
  40  5:59  Drone  
  41  6:13  Drone x2  
  41  6:14  Drone x2  
  41  6:17  Drone  
  46  6:24  Drone x2  
  48  6:30  Spore Crawler  
  48  6:31  Drone  
  48  6:33  Drone  
  48  6:35  Drone  
  48  6:38  Drone  
  51  6:43  Drone  
  51  6:47  Roach x2  
  56  7:03  Spore Crawler  
  56  7:05  Spore Crawler  
  56  7:07  Spore Crawler  
  52  7:22  Roach x6  
  61  7:23  Drone  
  58  7:32  Roach x3  
  58  7:33  Roach  
  64  7:39  Drone x2  
  64  7:51  Drone x2  
  66  8:01  Queen  
  66  8:04  Overlord x2  
  68  8:09  Hydralisk Den  
  67  8:15  Extractor  
  67  8:16  Drone x2  
  67  8:17  Extractor  
  67  8:21  Overlord x2, Queen  
  69  8:28  Drone  
  69  8:30  Drone  
  69  8:33  Drone x4  
  75  8:35  Queen  
  75  8:43  Hydralisk  
  77  8:48  Hydralisk  
  77  8:52  Hydralisk  
  81  8:58  Queen  
  81  9:01  Zergling x2  
  82  9:02  Hydralisk  
  84  9:27  Roach  
  84  9:28  Roach x3  
  92  9:39  Overlord x2  
  92  9:40  Overlord x2  
  92  9:41  Lurker Den  
  92  9:47  Spine Crawler  
  92  9:48  Spine Crawler  
  92  9:50  Drone x2  
  92  9:51  Spine Crawler  
  91  10:15  Drone x3  
  94  10:28  Hydralisk x3  
  94  10:29  Hydralisk x2  
  94  10:34  Hatchery, Roach x2  
  92  10:46  Hydralisk x2  
  92  10:48  Roach  
  76  10:55  Roach x2  
  76  10:56  Roach x3  
  57  11:27  Hydralisk x4  
  57  11:28  Hydralisk x2  
  68  11:41  Queen  
  68  11:45  Hydralisk  
  72  11:48  Drone  
  72  11:50  Drone  
  74  11:56  Lurker, Hydralisk  
  75  12:04  Drone x2  
  75  12:05  Drone  
  78  12:16  Lurker x2  
  79  12:27  Hatchery  
  79  12:29  Lurker  
  79  12:34  Queen  
  81  12:42  Roach x4  
  81  12:43  Hydralisk  
  81  12:44  Hydralisk  
  89  13:05  Roach x4  
  61  13:25  Hydralisk, Roach x4  
  69  13:30  Hydralisk  
  70  13:35  Hydralisk  
  70  13:38  Hydralisk  
  74  13:47  Hydralisk x2  
  51  13:57  Hydralisk x2  
  46  14:14  Hydralisk x2  
  46  14:15  Hydralisk x2  
  52  14:22  Drone  
  52  14:23  Drone  
  53  14:29  Hydralisk  
  55  14:36  Hydralisk  
Show
View Real Time Build Order
Export as new Build Order

Xerana Protoss - Winner!

Build Orders: Oracle Opening 

Get SALT Encoding   

  12  0:01  Probe  
  13  0:13  Probe  
  14  0:19  Pylon  
  14  0:37  Probe (Chrono Boost)  
  14  0:41  Assimilator  
  15  0:46  Gateway, Probe (Chrono Boost)  
  16  0:57  Gateway  
  16  1:00  Probe (Chrono Boost)  
  18  1:12  Probe (Chrono Boost)  
  18  1:13  Pylon  
  18  1:20  Probe (Chrono Boost)  
  19  1:30  Probe  
  20  1:35  Assimilator  
  20  1:38  Cybernetics Core  
  20  1:53  Probe  
  21  2:15  Adept x2 (Chrono Boost)  
  25  2:25  Probe  
  26  2:34  Pylon  
  26  2:37  Probe, Pylon  
  26  2:39  Adept  
  26  2:40  Adept  
  30  2:47  Stargate  
  30  2:52  Probe (Chrono Boost)  
  31  3:02  Probe (Chrono Boost)  
  32  3:10  Pylon  
  32  3:17  Gateway  
  32  3:22  Stalker  
  32  3:23  Zealot  
  36  3:42  Oracle (Chrono Boost)  
  39  3:50  Pylon  
  39  3:51  Gateway  
  39  3:55  Warp Gate  
  39  4:10  Nexus  
  39  4:23  Void Ray  
  37  5:08  Adept x3  
  37  5:09  Adept  
  37  5:11  Void Ray (Chrono Boost)  
  43  5:27  Probe (Chrono Boost)  
  41  5:35  Probe (Chrono Boost)  
  42  5:38  Probe (Chrono Boost)  
  44  5:43  Probe (Chrono Boost)  
  44  5:44  Adept x2  
  44  5:45  Adept x2  
  44  5:46  Probe (Chrono Boost)  
  53  5:50  Probe (Chrono Boost)  
  54  6:02  Probe (Chrono Boost)  
  54  6:03  Probe (Chrono Boost)  
  56  6:06  Void Ray (Chrono Boost)  
  62  6:11  Probe (Chrono Boost)  
  62  6:12  Probe (Chrono Boost)  
  62  6:33  Probe (Chrono Boost)  
  62  6:37  Assimilator  
  63  6:40  Protoss Air Weapons Level 1  
  63  6:41  Assimilator  
  63  6:43  Probe (Chrono Boost)  
  64  6:48  Stargate  
  64  7:00  Pylon  
  52  7:36  Stalker x4  
  54  7:41  Void Ray  
  52  7:45  Void Ray  
  52  7:50  Forge  
  56  7:53  Probe (Chrono Boost)  
  58  7:59  Probe (Chrono Boost)  
  58  8:04  Probe (Chrono Boost)  
  59  8:05  Pylon  
  59  8:07  Probe (Chrono Boost)  
  59  8:08  Pylon  
  59  8:11  Probe (Chrono Boost), Adept x3  
  59  8:12  Adept  
  69  8:14  Probe  
  70  8:31  Pylon  
  70  8:32  Pylon  
  70  8:36  Zealot x3  
  70  8:37  Zealot  
  78  8:43  Nexus  
  78  8:45  Photon Cannon  
  78  8:47  Photon Cannon  
  78  9:04  Void Ray (Chrono Boost)  
  78  9:05  Void Ray (Chrono Boost)  
  86  9:19  Pylon  
  86  9:23  Probe (Chrono Boost)  
  87  9:32  Pylon  
  87  9:33  Probe (Chrono Boost)  
  87  9:36  Pylon  
  88  9:40  Probe  
  88  9:42  Stalker x2  
  93  9:46  Adept  
  93  9:47  Adept  
  97  10:00  Assimilator  
  97  10:04  Assimilator  
  97  10:09  Sentry  
  97  10:10  Sentry x2  
  97  10:11  Sentry  
  105  10:17  Protoss Air Armor Level 1 (Chrono Boost)  
  87  11:08  Stalker  
  87  11:09  Stalker x3  
  77  11:12  Void Ray x2 (Chrono Boost)  
  77  11:33  Stalker  
  77  11:34  Stalker x2  
  77  11:35  Stalker  
  85  11:40  Probe (Chrono Boost)  
  86  11:50  Probe (Chrono Boost)  
  86  11:51  Void Ray x2 (Chrono Boost)  
  95  11:57  Probe  
  96  12:05  Fleet Beacon  
  96  12:19  Stargate  
  96  12:30  Void Ray x2 (Chrono Boost)  
  104  12:40  Stalker  
  104  12:41  Stalker  
  104  12:42  Stalker  
  104  12:43  Stalker  
  112  12:48  Protoss Shields Level 1  
  87  13:45  Void Ray x3  
  99  13:50  Stalker x3  
  99  13:51  Stalker  
  107  14:18  Stalker x2  
  107  14:19  Stalker  
  107  14:20  Stalker, Nexus  
Tags
 
Add a new tag
Caveats
  • Supply blocks, unpowered buildings, or Contaminate may cause inaccurate times.
  • Supply counts are checked every 10 seconds.